 Dungeon Crawl Stone Soup version 0.21.0-3-g78d12a8 (console) character file.

679 ahub the Slasher (level 7, -6/54 HPs)
             Began as a Demonspawn Fighter on Jan 12, 2018.
             Mangled by Pikel
             ... wielding a +0 whip of electrocution
              (20 damage)
             ... on level 4 of the Dungeon.
             The game lasted 00:08:24 (3959 turns).

ahub the Slasher (Demonspawn Fighter)               Turns: 3959, Time: 00:08:25

Health: -6/54      AC: 17    Str: 18    XL:     7   Next: 34%
Magic:  7/7        EV:  5    Int:  9    God:
Gold:   41         SH:  0    Dex: 13    Spells: 6/6 levels left

rFire    + . .     SeeInvis .   B - +2 great sword (drain)
rCold    . . .     Gourm    .   (shield currently unavailable)
rNeg     . . .     Faith    +   v - +1 plate armour
rPois    +         Spirit   .   (helmet restricted)
rElec    .         Reflect  .   w - +2 cloak {rPois}
rCorr    .         Harm     .   u - +0 pair of gloves
MR       .....                  (no boots)
Stlth    ..........             r - amulet of faith
HPRegen  0.18/turn              (no ring)
MPRegen  0.10/turn              (no ring)

@: no status effects
A: antennae 2, fire resistance 1, powered by death 1
a: no special abilities


You were on level 4 of the Dungeon.
You were not hungry.

You visited 1 branch of the dungeon, and saw 4 of its levels.

You collected 250 gold pieces.
You spent 209 gold pieces at shops.

Inventory:

Hand Weapons
 a - a +0 long sword
 B - a +2 great sword of draining (weapon)
Armour
 u - a +0 pair of gloves (worn)
 v - a +1 plate armour (worn)
 w - a +2 cloak of poison resistance (worn)
Jewellery
 r - an amulet of faith (around neck)
Wands
 s - a wand of disintegration (12)
Scrolls
 k - 4 scrolls of remove curse
Potions
 d - a potion of might
 h - a potion of brilliance
 i - a potion of flight
 l - a potion of curing
 t - a potion of magic
 z - a potion of ambrosia {unknown}
 A - a potion of heal wounds {unknown}
Comestibles
 f - 9 rations
 o - 3 chunks of flesh


   Skills:
 + Level 4.1 Fighting
 + Level 4.8 Long Blades
 + Level 4.0 Armour
 + Level 0.7 Dodging
 + Level 0.2 Stealth
   Level 4.7 Shields


You had 6 spell levels left.
You didn't know any spells.

Dungeon Overview and Level Annotations

Branches:
Dungeon (4/15)
 Temple: D:4-7

Altars:
Nemelex Xobeh
Sif Muna
The Shining One

Shops:
D:4 (

Annotations:
D:4 Pikel


Innate Abilities, Weirdness & Mutations

You have a pair of antennae on your head.
Your flesh is heat resistant. (rF+)
You regenerate a little health from kills.


Message History

You are too injured to fight recklessly!
You are too injured to fight recklessly!
You are too injured to fight recklessly!
You are too injured to fight recklessly!
You are too injured to fight recklessly!
You are too injured to fight recklessly!
You are too injured to fight recklessly!
You are too injured to fight recklessly!
You are too injured to fight recklessly!
You are too injured to fight recklessly!
You are too injured to fight recklessly!
You slash Pikel! You drain Pikel!
Pikel is moderately wounded.
Pikel smiles. "I know this place well.
And it is filled with the corpses of daring fools like you!
Won't you join me?"
Pikel hits you with a whip of electrocution.
* * * LOW HITPOINT WARNING * * *
Your plate armour prevents you from hitting Pikel.
Pikel is moderately wounded.
Pikel completely misses you. Pikel hits you but does no damage.
You are electrocuted!
You die...

####.####.# #.###. #.........#
#.##.. ####.##.###### #.....
.....##.# ####********#####..
........# ***...,,,,,,<,.......
###.#.###****,,..#*********######
#.#........,,..# #
#p#########,*#.# # #p# *,*#.# #
#.#********,*#K# #
#..{{{,,,,,,,#@# #
###********,*#.# #
***#.################
#.................
##################


You could see Pikel.

Vanquished Creatures
  2 phantoms
  2 ogres
  2 slaves (D:4)
  A scorpion (D:3)
  2 hounds (D:4)
  The ghost of letownia2 the Magician, a weakling VSWz (D:3)
  Crazy Yiuf (D:2)
  A worker ant (D:4)
  Terence (D:2)
  6 adders
  3 worms
  A dart slug (D:1)
  An orc (D:3)
  A ball python (D:2)
  4 giant cockroaches
  4 goblins
  2 hobgoblins
  4 jackals (D:4)
  6 kobolds
  12 bats
  2 frilled lizards
  A jackal skeleton (D:4)
  5 rats
65 creatures vanquished.

Notes
Turn   | Place    | Note
-------+----------+-------------------------------------------
     0 | D:1      | ahub the Demonspawn Fighter began the quest for the Orb.
     0 | D:1      | Reached XP level 1. HP: 18/18 MP: 1/1
   455 | D:1      | Gained mutation: You regenerate a little health from kills. [demonic ancestry]
   455 | D:1      | Reached XP level 2. HP: 24/24 MP: 2/2
   949 | D:2      | Reached XP level 3. HP: 17/29 MP: 3/3
  1204 | D:2      | Found a faded altar of an unknown god.
  1430 | D:2      | Found a sparkling altar of Nemelex Xobeh.
  1686 | D:2      | Gained mutation: You have a pair of small antennae on your head. [demonic ancestry]
  1686 | D:2      | Reached XP level 4. HP: 35/35 MP: 4/4
  1705 | D:2      | Noticed Terence
  1706 | D:2      | Found a glowing golden altar of the Shining One.
  1795 | D:2      | Killed Terence
  1887 | D:2      | Found a runed door.
  1891 | D:2      | Noticed Crazy Yiuf
  1907 | D:2      | Killed Crazy Yiuf
  2255 | D:3      | Noticed letownia2's ghost (weakling VSWz)
  2270 | D:3      | Killed letownia2's ghost
  2270 | D:3      | Reached XP level 5. HP: 12/41 MP: 5/5
  2888 | D:3      | Noticed a phantom
  2912 | D:3      | Killed a phantom
  2912 | D:3      | Gained mutation: You have a pair of antennae on your head. [demonic ancestry]
  2912 | D:3      | Reached XP level 6. HP: 48/48 MP: 6/6
  3027 | D:3      | Found a deep blue altar of Sif Muna.
  3568 | D:4      | Found Afoafa's Antique Weapon Boutique.
  3591 | D:4      | Gained mutation: Your flesh is heat resistant. (rF+) [demonic ancestry]
  3591 | D:4      | Reached XP level 7. HP: 44/54 MP: 7/7
  3730 | D:4      | Bought a runed great sword for 209 gold pieces
  3955 | D:4      | Noticed Pikel
  3959 | D:4      | Mangled by Pikel

Skill      XL: |  1  2  3  4  5  6  7 |
---------------+----------------------+-----
Armour         | 3 4 |  4.0
Long Blades    | 2 3 4 |  4.8
Shields        | 3 4 |  4.7
Fighting       | 4 |  4.1
Dodging        | |  0.7
Stealth        | |  0.2

Action                   |  1- 3 |  4- 6 |  7- 9 || total
-------------------------+-------+-------+-------++-------
Melee: Long sword        |    96 |   197 |    32 ||   325
       Great sword       |       |       |    24 ||    24
  Use: Scroll            |     2 |       |    12 ||    14
  Eat: Chunk             |     3 |     6 |     1 ||    10
Armor: Scale mail        |    48 |       |       ||    48
       Plate armour      |       |   123 |    62 ||   185
Dodge: Dodged            |    41 |    28 |    11 ||    80
Block: Shield            |    56 |    84 |    17 ||   157
       Rpst.: Long sword |    11 |    14 |     2 ||    27
       Great sword       |       |       |     2 ||     2
